[Event "Titled Tuesday Blitz August 08 Early 2023"]
[White "Player, Edmund C"]
[Black "Buscar, Michael"]
[WhiteFideId "406520"]
[BlackFideId "2603616"]
[WhiteElo "2260"]
[BlackElo "2391"]
[Result "1-0"]
[Round "4"]
[TimeControl "180+1"]
[Date "2023.08.08"]
[WhiteClock "0:01:37"]
[BlackClock "0:00:49"]
[Board "228"]

1. e4 c5 2. Nf3 Nc6 3. Bb5 Nf6 4. Bxc6 dxc6 5. Nc3 g6 6. O-O Bg7 7. e5 Nd5 8. Ne4 b6 9. d3 Bg4 10. Re1 Bxe5 11. Nxc5 Bxh2+ 12. Kxh2 Qd6+ 13. Kg1 Qxc5 14. d4 Bxf3 15. Qxf3 Qxd4 16. Bh6 Qf6 17. Qxf6 Nxf6 18. Bg7 O-O-O 19. Bxh8 Rxh8 20. Rxe7 Rd8 21. Rxf7 Rd6 22. Rxa7 Kb8 23. Rf7 h5 24. Re1 Nd7 25. Ree7 Nf6 26. Rf8+ 1-0


[Site "https://www.chess.com"]

[Event "Titled Tuesday Blitz August 08 Early 2023"]
[White "Pershina, Elena"]
[Black "Kohler, Aran"]
[WhiteFideId "24147516"]
[BlackFideId "1002856"]
[WhiteElo "2387"]
[BlackElo "2258"]
[Result "1-0"]
[Round "4"]
[TimeControl "180+1"]
[Date "2023.08.08"]
[WhiteClock "0:00:39"]
[BlackClock "0:00:28"]
[Board "229"]

1. c4 e5 2. Nc3 Nf6 3. g3 d5 4. cxd5 Nxd5 5. Bg2 Nb6 6. e3 Nc6 7. Nge2 Be7 8. O-O O-O 9. f4 exf4 10. Nxf4 Bf5 11. d4 Nb4 12. e4 Bd7 13. a3 Na6 14. Qh5 g6 15. Qe2 c5 16. d5 c4 17. e5 Bc5+ 18. Be3 Qc8 19. Ne4 Bxe3+ 20. Qxe3 Bf5 21. Nf6+ Kh8 22. Ne2 Qc5 23. Nd4 Bd3 24. Rf4 g5 25. Rg4 h6 26. Be4 Be2 27. Rh4 Kg7 28. Qxg5+ hxg5 29. Rh7# 1-0


[Site "https://www.chess.com"]

[Event "Titled Tuesday Blitz August 08 Early 2023"]
[White "Mikhaylova, Irina"]
[Black "Shapiro, Daniel"]
[WhiteFideId "4109040"]
[BlackFideId "2001780"]
[WhiteElo "2256"]
[BlackElo "2361"]
[Result "0-1"]
[Round "4"]
[TimeControl "180+1"]
[Date "2023.08.08"]
[WhiteClock "0:00:01"]
[BlackClock "0:00:56"]
[Board "230"]

1. Nf3 Nf6 2. c4 e6 3. g3 d5 4. Bg2 c6 5. b3 Be7 6. O-O O-O 7. Bb2 a5 8. d3 Nbd7 9. Nc3 b6 10. Rc1 Bb7 11. Qc2 Rc8 12. Qb1 c5 13. cxd5 Nxd5 14. Nxd5 Bxd5 15. e4 Bb7 16. d4 cxd4 17. Nxd4 Nc5 18. Rfd1 Qc7 19. Nb5 Qb8 20. e5 Bxg2 21. Kxg2 Qb7+ 22. f3 Rfd8 23. Nd6 Bxd6 24. Rxd6 Rxd6 25. exd6 Rd8 26. Rd1 Qc6 27. Be5 f6 28. Bf4 e5 29. Be3 Rxd6 30. Bxc5 Qxc5 31. Rxd6 Qxd6 32. Qc2 Qc5 33. Qd2 Qc6 34. h4 g6 35. h5 Kf7 36. Qh6 Qc2+ 37. Kg1 gxh5 38. Qxh5+ Qg6 39. Qh3 Ke7 40. Kg2 f5 41. Qh4+ Kd7 42. Qc4 Qe6 43. Qb5+ Ke7 44. Qa6 Qc6 45. Qa7+ Kd6 46. Qxh7 Qc2+ 47. Kh3 Qxa2 48. Qxf5 Qxb3 49. Qf6+ Qe6+ 50. Qxe6+ Kxe6 51. g4 a4 0-1


[Site "https://www.chess.com"]

[Event "Titled Tuesday Blitz August 08 Early 2023"]
[White "Fernandez Hernandez, Gerardo"]
[Black "Stachanczyk, Jacek"]
[WhiteFideId "2207400"]
[BlackFideId "1116657"]
[WhiteElo "2230"]
[BlackElo "2354"]
[Result "1-0"]
[Round "4"]
[TimeControl "180+1"]
[Date "2023.08.08"]
[WhiteClock "0:01:51"]
[BlackClock "0:01:17"]
[Board "231"]

1. e4 c5 2. Nc3 Nc6 3. f4 g6 4. Nf3 Bg7 5. a3 e6 6. b4 cxb4 7. axb4 Nxb4 8. Ba3 Nc6 9. Nb5 Nge7 10. Bd6 Qb6 11. Nc7+ Kd8 12. Nxa8 Qb2 13. c3 1-0


[Site "https://www.chess.com"]

[Event "Titled Tuesday Blitz August 08 Early 2023"]
[White "Korpics, Zsolt"]
[Black "Petersson, Kjell"]
[WhiteFideId "705241"]
[BlackFideId "1705148"]
[WhiteElo "2344"]
[BlackElo "2205"]
[Result "1-0"]
[Round "4"]
[TimeControl "180+1"]
[Date "2023.08.08"]
[WhiteClock "0:00:07"]
[BlackClock "0:00:16"]
[Board "232"]

1. e4 c5 2. Nf3 d6 3. Nc3 g6 4. d4 cxd4 5. Qxd4 Nf6 6. e5 Nc6 7. Bb5 Ng4 8. e6 f6 9. Qxg4 f5 10. Qa4 Bxe6 11. Nd4 Bd7 12. Nxc6 bxc6 13. Bxc6 Bxc6 14. Qxc6+ Kf7 15. Bg5 Bg7 16. Qd5+ Kf8 17. O-O h6 18. Bf4 Bf6 19. Be3 Kg7 20. Rad1 Rb8 21. Bxa7 Rxb2 22. Bd4 e5 23. Be3 Rxc2 24. Qb3 Rxc3 25. Qxc3 d5 26. Qc6 d4 27. Qb7+ Be7 28. Bc1 Kf8 29. Rfe1 Bd6 30. Qd5 Kg7 31. Rxe5 Bxe5 32. Qxe5+ Qf6 33. Qxf6+ Kxf6 34. Rxd4 Rc8 35. Rd1 Rc2 36. a3 Ke5 37. Kf1 Ke4 38. Be3 Ra2 39. Rd4+ Ke5 40. a4 g5 41. Rb4 f4 42. Bd4+ Kd5 43. f3 Rc2 44. Bf2 Rc1+ 45. Be1 Kc5 46. Rb5+ Kc6 47. Ra5 Kb6 48. Rb5+ Kc6 49. Rf5 Ra1 50. a5 Kd6 51. Rf6+ Ke5 52. Rxh6 Kf5 53. Rb6 Ke5 54. Rh6 Kf5 55. h4 g4 56. Rh5+ Kg6 57. fxg4 Kf6 58. Rf5+ Kg6 59. Rxf4 1-0


[Site "https://www.chess.com"]

[Event "Titled Tuesday Blitz August 08 Early 2023"]
[White "Kiseljova, Marya"]
[Black "Bures, Vit"]
[WhiteFideId "4155009"]
[BlackFideId "309052"]
[WhiteElo "2211"]
[BlackElo "2336"]
[Result "0-1"]
[Round "4"]
[TimeControl "180+1"]
[Date "2023.08.08"]
[WhiteClock "0:00:26"]
[BlackClock "0:00:08"]
[Board "233"]

1. d4 d5 2. c4 c6 3. Nf3 Nf6 4. g3 Bg4 5. Bg2 e6 6. O-O Nbd7 7. cxd5 exd5 8. Bf4 Be7 9. Qb3 Qb6 10. Nbd2 O-O 11. Rfe1 Rfe8 12. Qxb6 axb6 13. Ne5 Nxe5 14. Bxe5 h6 15. h3 Bf5 16. a3 b5 17. Nb3 Nd7 18. Bf4 Bc2 19. Nd2 b4 20. axb4 Bxb4 21. Bf3 Rxa1 22. Rxa1 g5 23. Be3 Rxe3 24. Ra8+ Kg7 25. fxe3 Bxd2 26. Kf2 Nb6 27. Rb8 Nc4 28. Rxb7 Bxe3+ 29. Kg2 Bxd4 30. b4 Ne3+ 31. Kh2 Be5 32. Bh5 Nf1+ 33. Kg2 Nxg3 34. Bxf7 Be4+ 35. Kf2 Kf6 36. Be8 Nf5 37. Bxc6 Bd4+ 38. Ke1 Ke5 39. Bd7 Ne3 40. Be8 Nc4 41. Re7+ Kf4 42. Bb5 Bc3+ 43. Kf2 Bxb4 44. Rf7+ Ke5 45. Bxc4 dxc4 46. Rc7 c3 47. Ke1 c2+ 48. Kf2 Bd2 49. Rc5+ Kd4 50. e3+ Bxe3+ 51. Ke2 c1=Q 52. Rxc1 Bxc1 53. Kf2 Bf4 54. Kg1 h5 55. h4 g4 56. Kf2 Ke5 57. Kg1 Kf5 58. Kf2 Bd5 59. Kg1 Be6 60. Kf2 g3+ 61. Kg1 Kg4 62. Kh1 Kxh4 63. Kg2 Kg4 64. Kh1 h4 65. Kg2 h3+ 66. Kh1 Bd5+ 67. Kg1 h2+ 68. Kf1 h1=Q+ 69. Ke2 0-1


[Site "https://www.chess.com"]

[Event "Titled Tuesday Blitz August 08 Early 2023"]
[White "Thomforde-Toates, Noah"]
[Black "Pumpkin_in_moonlight"]
[WhiteFideId "30951992"]
[WhiteElo "2574"]
[BlackElo "2176"]
[Result "1-0"]
[Round "4"]
[TimeControl "180+1"]
[Date "2023.08.08"]
[WhiteClock "0:01:10"]
[BlackClock "0:00:00"]
[Board "234"]

1. e4 e5 2. Nf3 Nc6 3. Bb5 Bc5 4. O-O Qe7 5. c3 a6 6. Ba4 b5 7. Bb3 Bb6 8. d4 d6 9. Re1 Nf6 10. Bg5 h6 11. Bh4 g5 12. Bg3 Bg4 13. Bd5 Qd7 14. h3 Bh5 15. Nbd2 Rd8 16. a4 O-O 17. axb5 axb5 18. Qb3 exd4 19. Qxb5 Ne5 20. Qxd7 Nxf3+ 21. Nxf3 Rxd7 22. Bc6 Rdd8 23. Nxd4 Bg6 24. f3 Nd7 25. Bf2 Ne5 26. Bb5 c5 27. Nc6 Nxc6 28. Bxc6 Rc8 29. Bd5 Rb8 30. Red1 Rfc8 31. Bc4 Bc7 32. b3 Kf8 33. Ra6 Ke7 34. Bg3 Rd8 35. Ra7 Rbc8 36. Ba6 Kd7 37. Bxc8+ Kxc8 38. Ra8+ Kb7 39. Rxd8 Bxd8 40. Rxd6 Bc7 41. Rd7 1-0


[Site "https://www.chess.com"]

[Event "Titled Tuesday Blitz August 08 Early 2023"]
[White "Rama, Tejas"]
[Black "Mesfin, Leykun"]
[WhiteFideId "30907381"]
[BlackFideId "15700097"]
[WhiteElo "2497"]
[BlackElo "2226"]
[Result "1-0"]
[Round "4"]
[TimeControl "180+1"]
[Date "2023.08.08"]
[WhiteClock "0:00:07"]
[BlackClock "0:00:00"]
[Board "235"]

1. d4 Nf6 2. c4 g6 3. Nf3 Bg7 4. Nc3 O-O 5. e4 d6 6. Be2 Nc6 7. O-O e5 8. d5 Ne7 9. b4 Ne8 10. Nd2 f5 11. c5 f4 12. Bg4 h5 13. Bxc8 Rxc8 14. Ba3 Nf6 15. Qa4 Rf7 16. Rac1 Bf8 17. f3 g5 18. Nc4 a6 19. b5 Ng6 20. b6 cxb6 21. Nxd6 Bxd6 22. cxd6 b5 23. Qb3 g4 24. Ne2 Kg7 25. Rxc8 Qxc8 26. Rc1 Qd8 27. Qc3 Qb6+ 28. Qc5 Qa5 29. Qb4 Qb6+ 30. Qc5 Qd8 31. Qc8 Qb6+ 32. Bc5 Qa5 33. Bf2 h4 34. fxg4 Nxg4 35. Qxg4 Qd2 36. d7 f3 37. d8=Q fxe2 38. Re1 Qxa2 39. Qg8+ Kxg8 40. Qxg6+ Rg7 41. Qe8+ Kh7 42. Qh5+ Kg8 43. Bxh4 Qd2 44. Qxe5 Qe3+ 45. Kh1 Qd2 46. Qe8+ Kh7 47. Qh5+ Kg8 48. Qe8+ Kh7 49. Qe6 Qd3 50. Qf5+ Kg8 51. Qe6+ Kh7 52. d6 Qd2 53. Qf5+ Kg8 54. e5 Qh6 55. Qc8+ Kh7 56. Qf5+ Kg8 57. Bf6 Qd2 58. Qf2 1-0


[Site "https://www.chess.com"]

[Event "Titled Tuesday Blitz August 08 Early 2023"]
[White "campochess"]
[Black "a-z30"]
[WhiteElo "2214"]
[BlackElo "2398"]
[Result "1-0"]
[Round "4"]
[TimeControl "180+1"]
[Date "2023.08.08"]
[WhiteClock "0:00:20"]
[BlackClock "0:00:00"]
[Board "236"]

1. d4 d5 2. Bg5 Nf6 3. Nd2 c6 4. c4 e6 5. Ngf3 Nbd7 6. cxd5 exd5 7. g3 Bd6 8. Bg2 O-O 9. O-O Re8 10. Re1 Qb6 11. Rb1 Ne4 12. Be3 Ndf6 13. Nb3 Ng4 14. Qc1 Bf5 15. Nh4 Nxe3 16. fxe3 Bg6 17. Nxg6 hxg6 18. Bxe4 Rxe4 19. Nd2 Re6 20. Nf1 Bb4 21. Rd1 Qa6 22. a3 Bd6 23. Rd3 Rae8 24. Qc3 Qb6 25. b4 a6 26. Nd2 Qd8 27. Rf1 Qg5 28. Rf3 Qh6 29. Nf1 Qg5 30. Qe1 f5 31. Qf2 Qe7 32. Qg2 a5 33. bxa5 Bxa3 34. g4 Rf6 35. gxf5 gxf5 36. Rg3 Bb4 37. Rg5 Bxa5 38. Ng3 Qf7 39. Nh5 Qf8 40. Rxg7+ Kh8 41. Nxf6 Qxf6 42. Rg6 Qf8 43. Qh3+ 1-0


[Site "https://www.chess.com"]

[Event "Titled Tuesday Blitz August 08 Early 2023"]
[White "Clawitter, Craig"]
[Black "Dishman, Stephen"]
[WhiteFideId "2023105"]
[BlackFideId "403024"]
[WhiteElo "2211"]
[BlackElo "2391"]
[Result "0-1"]
[Round "4"]
[TimeControl "180+1"]
[Date "2023.08.08"]
[WhiteClock "0:00:00"]
[BlackClock "0:01:15"]
[Board "237"]

1. e4 d6 2. d4 Nf6 3. Nc3 e5 4. Nf3 Nbd7 5. g4 Nxg4 6. Rg1 Ngf6 7. Bc4 h6 8. Be3 c6 9. Qe2 b5 10. Bb3 Bb7 11. O-O-O Qe7 12. dxe5 dxe5 13. Nh4 g6 14. Rxg6 fxg6 15. Nxg6 Qh7 16. Nxh8 Qxh8 17. Nxb5 cxb5 18. Qxb5 Bxe4 19. Ba4 Qh7 20. Qxe5+ Qe7 21. Qc7 Bg7 22. Bc5 Qe6 23. Rd6 Qh3 24. Bb3 Bf5 25. Rxf6 Bxf6 0-1


[Site "https://www.chess.com"]

[Event "Titled Tuesday Blitz August 08 Early 2023"]
[White "Stork, Oliver"]
[Black "Thiel, Thomas"]
[WhiteFideId "12955728"]
[BlackFideId "4615964"]
[WhiteElo "2389"]
[BlackElo "2210"]
[Result "1/2-1/2"]
[Round "4"]
[TimeControl "180+1"]
[Date "2023.08.08"]
[WhiteClock "0:00:34"]
[BlackClock "0:01:16"]
[Board "238"]

1. d4 d5 2. c4 dxc4 3. Nf3 c6 4. e3 b5 5. a4 a6 6. b3 cxb3 7. axb5 cxb5 8. Bxb5+ Bd7 9. Bxd7+ Nxd7 10. Qxb3 e6 11. O-O Ngf6 12. Ba3 Bxa3 13. Qxa3 Qe7 14. Nc3 Qxa3 15. Rxa3 O-O 16. Rfa1 Rfc8 17. h3 h6 18. Nb5 Rc6 19. Rc3 Rxc3 20. Nxc3 Nb6 21. Ne5 Nfd5 22. Nxd5 Nxd5 23. Ra5 Nb4 24. Nc4 Nc6 25. Ra4 a5 26. e4 1/2-1/2


[Site "https://www.chess.com"]

[Event "Titled Tuesday Blitz August 08 Early 2023"]
[White "Chudnovsky, Jacob"]
[Black "Prohorov, Olexandr"]
[WhiteFideId "2010046"]
[BlackFideId "14105578"]
[WhiteElo "2388"]
[BlackElo "2190"]
[Result "1-0"]
[Round "4"]
[TimeControl "180+1"]
[Date "2023.08.08"]
[WhiteClock "0:00:44"]
[BlackClock "0:00:00"]
[Board "239"]

1. e4 e6 2. d4 d5 3. Nc3 Nc6 4. Nf3 Nf6 5. Bg5 Be7 6. e5 Ne4 7. Bxe7 Qxe7 8. a3 f6 9. exf6 Qxf6 10. Bd3 Nxc3 11. bxc3 O-O 12. Qe2 Bd7 13. O-O Rae8 14. Ne5 Nxe5 15. dxe5 Qh6 16. g3 c5 17. Qg4 Bc6 18. f4 d4 19. cxd4 cxd4 20. Rad1 Kh8 21. Rfe1 Rd8 22. Be4 a6 23. Qf3 Bxe4 24. Qxe4 b5 25. Rxd4 Rxd4 26. Qxd4 Qg6 27. Qd6 Rc8 28. Re2 h5 29. Qxa6 Rc3 30. Qxb5 h4 31. Rg2 h3 32. Rf2 Qe4 33. Qe2 Qd5 34. Qh5+ Kg8 35. Qxh3 Re3 36. Qg2 Qd1+ 37. Rf1 Qd4 38. Kh1 Rxa3 39. Qe2 Re3 40. Qg2 Rc3 41. h4 Qe3 42. Kh2 Ra3 43. h5 Rc3 44. g4 Kh7 45. g5 Rc4 46. Qf3 Qd2+ 47. Rf2 Qe1 48. f5 Rh4+ 49. Kg3 Rd4 50. g6+ Kh6 51. f6 Qg1+ 52. Qg2 Qe1 53. Kh3 Qd1 54. Qf3 1-0


[Site "https://www.chess.com"]

[Event "Titled Tuesday Blitz August 08 Early 2023"]
[White "Sabar Ethmane Daouda"]
[Black "Davidson, Kevin"]
[WhiteFideId "19600097"]
[BlackFideId "2056810"]
[WhiteElo "2186"]
[BlackElo "2386"]
[Result "0-1"]
[Round "4"]
[TimeControl "180+1"]
[Date "2023.08.08"]
[WhiteClock "0:00:05"]
[BlackClock "0:00:09"]
[Board "240"]

1. e4 c5 2. d3 Nc6 3. Nd2 Nf6 4. Ngf3 g6 5. g3 Bg7 6. Bg2 O-O 7. O-O d6 8. Qe1 Nd7 9. c3 Rb8 10. a4 a6 11. h4 b5 12. axb5 axb5 13. Nh2 b4 14. Nc4 bxc3 15. bxc3 Rb3 16. Bd2 Nde5 17. Nxe5 Nxe5 18. d4 Nc4 19. Qd1 Nxd2 20. Qxd2 Qb6 21. Rfd1 Be6 22. Nf3 Rc8 23. Ng5 Bc4 24. dxc5 Qxc5 25. Rac1 Rcb8 26. Nf3 Rb2 27. Rc2 R2b6 28. Rdc1 Bb3 29. Rb2 h6 30. Nd4 Bc4 31. Rb5 Bxb5 0-1


[Site "https://www.chess.com"]

[Event "Titled Tuesday Blitz August 08 Early 2023"]
[White "Samarth J Rao"]
[Black "Melikhov, Evgeny V."]
[WhiteFideId "46652370"]
[BlackFideId "4122046"]
[WhiteElo "2178"]
[BlackElo "2355"]
[Result "0-1"]
[Round "4"]
[TimeControl "180+1"]
[Date "2023.08.08"]
[WhiteClock "0:00:00"]
[BlackClock "0:00:48"]
[Board "241"]

1. d4 Nf6 2. Nf3 d5 3. Bf4 e6 4. e3 Bd6 5. Bxd6 Qxd6 6. c3 O-O 7. Ne5 c5 8. Bd3 b6 9. Nd2 Ba6 10. Bxa6 Nxa6 11. O-O cxd4 12. exd4 Nb8 13. f4 Nc6 14. Qf3 Ne7 15. g4 b5 16. Kh1 b4 17. Rae1 bxc3 18. bxc3 Rab8 19. g5 Ne4 20. Nxe4 dxe4 21. Qxe4 Rb2 22. Re2 Rfb8 23. Rff2 Rb1+ 24. Kg2 Nf5 25. Rf1 R1b2 26. Rxb2 Rxb2+ 27. Rf2 Rb8 28. Rd2 f6 29. Nc6 Rc8 30. d5 exd5 31. Qxf5 Rxc6 32. Rxd5 Qe6 33. Rd8+ Kf7 34. Qxh7 Qg4+ 35. Kf2 Qxf4+ 36. Ke2 Re6+ 37. Kd3 Qf3+ 38. Kc2 Re2+ 39. Kb3 Qb7+ 40. Ka3 Qb2+ 0-1


[Site "https://www.chess.com"]

[Event "Titled Tuesday Blitz August 08 Early 2023"]
[White "Mirzanurov, Bulat"]
[Black "Ai, Evan"]
[WhiteFideId "4184521"]
[BlackFideId "2094770"]
[WhiteElo "2161"]
[BlackElo "2350"]
[Result "0-1"]
[Round "4"]
[TimeControl "180+1"]
[Date "2023.08.08"]
[WhiteClock "0:00:19"]
[BlackClock "0:00:03"]
[Board "242"]

1. e4 c5 2. Nf3 d6 3. d4 cxd4 4. Nxd4 Nf6 5. f3 e5 6. Nb3 Be6 7. c4 a5 8. Be3 Nc6 9. Nc3 Be7 10. Nd5 Bxd5 11. cxd5 Nb8 12. a4 O-O 13. Bb5 Na6 14. O-O Nd7 15. Qd2 Nb4 16. g3 f5 17. exf5 Rxf5 18. Nxa5 Qxa5 19. Bxd7 Rff8 20. Be6+ Kh8 21. f4 exf4 22. Bxf4 Qc5+ 23. Be3 Qc4 24. Rxf8+ Rxf8 25. Rc1 Qe4 26. b3 Nd3 27. Rc4 Qf3 28. Qxd3 Bg5 29. Re4 Bxe3+ 30. Rxe3 Qf2+ 31. Kh1 Qb2 32. Re2 Qc1+ 33. Kg2 Qf1# 0-1


[Site "https://www.chess.com"]

[Event "Titled Tuesday Blitz August 08 Early 2023"]
[White "LLariMarc"]
[Black "cycygogne"]
[WhiteElo "2350"]
[BlackElo "2162"]
[Result "0-1"]
[Round "4"]
[TimeControl "180+1"]
[Date "2023.08.08"]
[WhiteClock "0:02:28"]
[BlackClock "0:00:29"]
[Board "243"]

1. d4 Nf6 2. Nf3 c5 3. Bg5 cxd4 4. Nxd4 Nc6 5. Bxf6 gxf6 6. Nc3 e5 7. Nxc6 bxc6 8. e4 Bb4 9. Bc4 d6 10. O-O Be6 11. Bxe6 fxe6 12. Qh5+ Kd7 13. Qf7+ Qe7 14. Qxe7+ Kxe7 15. Na4 Rhg8 16. c3 Ba5 17. b3 Rg4 18. f3 Rg7 19. Rad1 Rag8 20. Rd3 Rxg2+ 21. Kh1 Rxa2 22. Rg1 Rxg1+ 23. Kxg1 Bb6+ 24. Nxb6 axb6 25. c4 h5 26. b4 Rb2 27. c5 bxc5 28. bxc5 d5 29. Ra3 Rc2 30. Ra7+ Kf8 31. Rh7 Rxc5 32. Rxh5 Rc4 33. exd5 exd5 34. Kf2 Ke7 35. Ke3 Ke6 36. Rh8 Rc3+ 37. Ke2 Kf5 38. h4 Kf4 39. Rf8 f5 40. Rc8 Rxf3 41. Rxc6 Rh3 42. Rh6 d4 43. h5 Kg5 44. Re6 e4 45. Rd6 d3+ 46. Kd2 Rxh5 47. Ke3 Rh3+ 48. Kd2 Kf4 49. Kc3 Rh2 50. Rd8 Rc2+ 51. Kb3 Rc7 52. Rh8 Ke3 53. Rh3+ Kd4 54. Rh8 f4 55. Rd8+ Ke3 56. Rh8 f3 57. Rh1 d2 58. Kb2 Ke2 59. Kb3 d1=Q+ 60. Rxd1 Kxd1 61. Kb4 e3 62. Kb5 e2 63. Kb6 Rc2 64. Kb5 e1=Q 65. Kb6 Qb4+ 66. Ka7 Ra2# 0-1


[Site "https://www.chess.com"]

[Event "Titled Tuesday Blitz August 08 Early 2023"]
[White "Gatterer, Florian"]
[Black "Baruch, Liam"]
[WhiteFideId "811688"]
[BlackFideId "14322064"]
[WhiteElo "2347"]
[BlackElo "2161"]
[Result "1-0"]
[Round "4"]
[TimeControl "180+1"]
[Date "2023.08.08"]
[WhiteClock "0:01:04"]
[BlackClock "0:00:36"]
[Board "244"]

1. c4 e6 2. Nf3 d5 3. g3 Nf6 4. Bg2 Be7 5. O-O O-O 6. b3 c5 7. cxd5 Nxd5 8. Bb2 Nc6 9. Nc3 Bf6 10. Qc1 Bd7 11. Nxd5 Bxb2 12. Qxb2 exd5 13. d4 cxd4 14. Nxd4 Qf6 15. Rfd1 Rad8 16. Qd2 Nxd4 17. Qxd4 Qxd4 18. Rxd4 Bc6 19. Rad1 Rfe8 20. e4 Re5 21. exd5 Bd7 22. Rc1 Kf8 23. Bf3 Be6 24. Rc7 Rd7 25. Rxd7 Bxd7 26. Rc4 Bh3 27. Rc1 Ke7 28. Bg2 Bxg2 29. Kxg2 Rxd5 30. Rc7+ Rd7 31. Rxd7+ Kxd7 32. Kf3 Kd6 33. Ke4 Ke6 34. f4 Kd6 35. Kd4 h6 36. h4 g6 37. g4 b6 38. a3 Ke6 39. Kc4 a6 40. Kd4 h5 41. gxh5 gxh5 42. Ke4 f5+ 43. Kd4 Kd6 44. a4 Ke6 45. a5 bxa5 46. Kc5 Kd7 47. Kd5 Ke7 48. Ke5 Kf7 49. Kxf5 Kg7 50. Kg5 Kh7 51. Kxh5 Kg7 52. Kg5 Kf7 53. f5 Kg7 54. f6+ Kf7 55. Kf5 Kf8 56. Ke6 a4 57. bxa4 a5 58. Kd5 Kf7 59. Kc5 Kxf6 60. Kb5 Kg6 61. Kxa5 Kh5 62. Kb6 Kxh4 63. a5 Kg5 64. a6 Kf5 65. a7 1-0


[Site "https://www.chess.com"]

[Event "Titled Tuesday Blitz August 08 Early 2023"]
[White "Amanov, Zhanibek"]
[Black "Tarnowska, Aleksandra"]
[WhiteFideId "13700189"]
[BlackFideId "1180967"]
[WhiteElo "2338"]
[BlackElo "2154"]
[Result "1-0"]
[Round "4"]
[TimeControl "180+1"]
[Date "2023.08.08"]
[WhiteClock "0:00:05"]
[BlackClock "0:00:00"]
[Board "245"]

1. e4 c5 2. Nf3 e6 3. c3 d5 4. exd5 Qxd5 5. d4 Nf6 6. Bb5+ Bd7 7. Bxd7+ Nbxd7 8. O-O Be7 9. Na3 cxd4 10. Qxd4 O-O 11. Be3 Rfd8 12. Rad1 Qxd4 13. Nxd4 Nd5 14. Ndb5 a6 15. Nd4 Bxa3 16. bxa3 Nxc3 17. Rd3 Nd5 18. Rb1 Nc5 19. Rdd1 Nxe3 20. fxe3 b5 21. Rbc1 Ne4 22. Rc7 e5 23. Rf1 Nf6 24. Nc6 Rd2 25. Nxe5 Rf8 26. g4 h6 27. h4 Rxa2 28. g5 hxg5 29. hxg5 Ne4 30. g6 fxg6 31. Rxf8+ Kxf8 32. Nxg6+ Kg8 33. Ne7+ Kh7 34. Nf5 Kg6 35. Nxg7 Rxa3 36. Ne6 Kf6 37. Nd4 Ke5 38. Re7+ 1-0


[Site "https://www.chess.com"]

[Event "Titled Tuesday Blitz August 08 Early 2023"]
[White "Floresvillar Gonzalez, Luis Migu"]
[Black "Nayak Rajesh"]
[WhiteFideId "5100542"]
[BlackFideId "35017152"]
[WhiteElo "2146"]
[BlackElo "2329"]
[Result "0-1"]
[Round "4"]
[TimeControl "180+1"]
[Date "2023.08.08"]
[WhiteClock "0:00:00"]
[BlackClock "0:00:34"]
[Board "246"]

1. d4 b6 2. e4 Bb7 3. f3 e6 4. Nc3 Nf6 5. Bg5 Be7 6. Bc4 d5 7. Bb5+ c6 8. Bd3 dxe4 9. Nxe4 Nbd7 10. Ne2 Nd5 11. Nd6+ Kf8 12. Bxe7+ Qxe7 13. Nxb7 N7f6 14. Qd2 Qxb7 15. c4 Ne7 16. O-O h5 17. Rad1 g6 18. Ng3 Kg7 19. Ne4 Rad8 20. Qg5 Neg8 21. Bc2 Qe7 22. h4 Nxe4 23. Qxe7 Nxe7 24. fxe4 c5 25. d5 e5 26. Rf2 Nc8 27. Rdf1 Rhf8 28. Rf6 Rd6 29. Rxd6 Nxd6 30. Bd3 f5 31. exf5 gxf5 32. g3 Kf6 33. b3 Rg8 34. Kf2 Rg4 35. Be2 Ne4+ 36. Ke3 Nxg3 37. Rd1 Re4+ 38. Kf3 Nxe2 39. d6 Nd4+ 40. Kg3 Ke6 0-1


[Site "https://www.chess.com"]

[Event "Titled Tuesday Blitz August 08 Early 2023"]
[White "Sailer, Mike"]
[Black "rikchessmx"]
[WhiteFideId "2012901"]
[WhiteElo "2142"]
[BlackElo "2328"]
[Result "1-0"]
[Round "4"]
[TimeControl "180+1"]
[Date "2023.08.08"]
[WhiteClock "0:00:09"]
[BlackClock "0:00:00"]
[Board "247"]

1. e4 c5 2. d4 cxd4 3. Qxd4 Nc6 4. Qd3 Qc7 5. Nc3 Nf6 6. Nf3 g6 7. Bg5 Ng4 8. Nd5 Qa5+ 9. c3 h6 10. Bf4 d6 11. h3 Nge5 12. Nxe5 dxe5 13. Be3 Bg7 14. Be2 e6 15. b4 Qd8 16. b5 exd5 17. bxc6 bxc6 18. Rd1 Be6 19. Bc5 Bf8 20. Bxf8 Kxf8 21. Qg3 Qg5 22. Qd3 Kg7 23. h4 Qf4 24. exd5 Bxd5 25. g3 Qf5 26. Qxf5 gxf5 27. O-O Bxa2 28. Rd6 Rhc8 29. Ra1 Be6 30. Ra6 c5 31. Bb5 Rab8 32. c4 Rc7 33. Rdc6 Rbc8 34. Rd6 Kf8 35. Kg2 Ke7 36. Kf3 1-0


[Site "https://www.chess.com"]

[Event "Titled Tuesday Blitz August 08 Early 2023"]
[White "Butti, Enrique"]
[Black "LuxLinster"]
[WhiteFideId "3700470"]
[WhiteElo "2142"]
[BlackElo "2295"]
[Result "1-0"]
[Round "4"]
[TimeControl "180+1"]
[Date "2023.08.08"]
[WhiteClock "0:00:19"]
[BlackClock "0:00:08"]
[Board "248"]

1. d4 Nf6 2. c4 e6 3. Nf3 b6 4. e3 Bb7 5. Bd3 d5 6. Nbd2 Be7 7. O-O O-O 8. b3 c5 9. Bb2 Nc6 10. Rc1 Rc8 11. a3 cxd4 12. exd4 dxc4 13. bxc4 Qc7 14. Re1 Rfd8 15. Nf1 Qf4 16. Ne3 Na5 17. d5 exd5 18. Nf5 Bf8 19. Bxf6 gxf6 20. N3d4 dxc4 21. Bb1 Nb3 22. Rc3 Nxd4 23. Qh5 Nxf5 24. Bxf5 Qh6 25. Rg3+ Kh8 26. Qxf7 Bg7 27. Qxb7 c3 28. Rh3 Qd2 29. Rxh7+ Kg8 30. Qxg7# 1-0


[Site "https://www.chess.com"]

[Event "Titled Tuesday Blitz August 08 Early 2023"]
[White "UgarteCesar"]
[Black "Lakshmi C"]
[BlackFideId "25035347"]
[WhiteElo "2292"]
[BlackElo "2082"]
[Result "1-0"]
[Round "4"]
[TimeControl "180+1"]
[Date "2023.08.08"]
[WhiteClock "0:00:07"]
[BlackClock "0:00:00"]
[Board "249"]

1. d4 Nf6 2. c4 e6 3. Nf3 d5 4. Bg5 Be7 5. e3 O-O 6. Nc3 c6 7. Qc2 Nbd7 8. Bd3 h6 9. h4 Re8 10. O-O-O a6 11. c5 b6 12. cxb6 Qxb6 13. Rdg1 c5 14. g4 cxd4 15. exd4 Bd6 16. Bxf6 Nxf6 17. g5 Bf4+ 18. Kb1 Nd7 19. gxh6 Bxh6 20. Bh7+ Kf8 21. Ng5 Qxd4 22. Rd1 Qf4 23. Bd3 Nf6 24. Rh3 Bd7 25. Rf3 Qd6 26. Qd2 Re7 27. Qe3 Ke8 28. Ne2 e5 29. Qd2 e4 30. Bxe4 Nxe4 31. Qd4 Nxg5 32. hxg5 Bxg5 33. Qxg7 Qg6+ 34. Qxg6 fxg6 35. Nd4 Bg4 36. Rg3 Bxd1 37. Rxg5 Re1 38. Kc1 Bh5+ 39. Kd2 Re4 40. Rxd5 Rd8 41. Rxd8+ Kxd8 42. Kd3 Rh4 43. Ne6+ Ke7 44. Nd4 Kd6 45. Nc2 Rh1 46. Ne3 g5 47. Nc4+ Kc5 48. Ne3 Bg6+ 49. Kc3 Be4 50. b4+ Kc6 51. a4 Bf3 52. Nc4 Rc1+ 53. Kd4 Rd1+ 54. Kc3 1-0


[Site "https://www.chess.com"]

[Event "Titled Tuesday Blitz August 08 Early 2023"]
[White "Seifert, Henryk"]
[Black "Fernandez Siles, Luis"]
[WhiteFideId "1100963"]
[BlackFideId "2209420"]
[WhiteElo "2065"]
[BlackElo "2288"]
[Result "0-1"]
[Round "4"]
[TimeControl "180+1"]
[Date "2023.08.08"]
[WhiteClock "0:00:00"]
[BlackClock "0:01:09"]
[Board "251"]

1. e4 c5 2. Nf3 Nc6 3. Bb5 g6 4. O-O Bg7 5. c3 Nf6 6. Re1 O-O 7. d4 d5 8. e5 Ne4 9. Bxc6 bxc6 10. Nbd2 Nxd2 11. Bxd2 Qb6 12. Rb1 Bf5 13. dxc5 Qxc5 14. b4 Qc4 15. Rb2 a5 16. a3 axb4 17. axb4 Ra3 18. Nd4 Bd7 19. h4 Rfa8 20. Qf3 Ra1 21. Rxa1 Rxa1+ 22. Kh2 Bxe5+ 23. g3 Qf1 24. Qg2 Qd1 25. Be3 Bxd4 26. Bxd4 Bg4 0-1


[Site "https://www.chess.com"]